 Dungeon Crawl Stone Soup version 0.28-a0-258-g8de209e91f (webtiles) character file.

Game seed: 14139504838302810634

82 robertstho the Magician (level 4, -3/32 HPs)
             Began as a Djinni Fire Elementalist on Aug 26, 2021.
             Killed from afar by an orc wizard (9 damage)
             ... with a magic dart
             ... on level 6 of the Dungeon.
             The game lasted 00:02:55 (2780 turns).

robertstho the Magician (Djinni Fire Elementalist)  Turns: 2780, Time: 00:02:56

Health: -3/32      AC:  3    Str:  7    XL:     4   Next: 70%
Gold:   48         EV: 12    Int: 18    God:
                   SH:  0    Dex: 13

rFire   + + .      SeeInvis .   c - +0 dagger
rCold   x . .      Faith    .   (no shield)
rNeg    . . .      Spirit   .   a - +0 robe
rPois   ∞          Reflect  .   f - +0 helmet
rElec   .          Harm     .   (no cloak)
rCorr   .          Rampage  .   (no gloves)
Will    .....                   (boots unavailable)
Stlth   ++........              (no amulet)
HPRegen 0.10/turn               e - ring of wizardry
MPRegen 0.00/turn               (no ring)

@: about to teleport, attractive, flying
A: sickness immunity, fire resistance 2, cold vulnerability 1, float, innate
caster, hp casting, extra vitality 1
a: no special abilities


You were on level 6 of the Dungeon.
You visited 1 branch of the dungeon, and saw 4 of its levels.

You collected 48 gold pieces.

Inventory:

Hand Weapons
 c - a +0 dagger (weapon)
Missiles
 d - 41 stones
Armour
 a - a +0 robe (worn)
 f - a +0 helmet (worn)
Jewellery
 e - a ring of wizardry (left hand)
Scrolls
 g - a scroll of identify {unknown}
 h - a scroll of fog {unknown}


   Skills:
 * Level 1.1 Fighting
 + Level 2.4 Dodging
 + Level 1.8 Stealth
 * Level 3.6 Spellcasting


You couldn't memorise any spells.
You knew the following spells:

 Your Spells              Type           Power      Damage    Failure   Level
a - Foxfire               Conj/Fire      64%        2x1d7     1%          1
b - Conjure Flame         Conj/Fire      16%        6-21      4%          3
c - Inner Flame           Hex/Fire       16%        N/A       4%          3
d - Sticky Flame          Conj/Fire      16%        2d4       14%         4
e - Fireball              Conj/Fire      8%         3d6       34%         5
f - Sandblast             Erth           32%        2d9       1%          1
Your spell library was empty.

Dungeon Overview and Level Annotations

Branches:
Dungeon (3/15)

Altars:

Annotations:
D:3 3 runed translucent doors, SkeletonJelly's ghost, amateur DrCK


Innate Abilities, Weirdness & Mutations

You are immune to sickness and miasma.
You are immune to poison.
Your flesh is very heat resistant. (rF++)
You are vulnerable to cold. (rC-)
You float through the air rather than walking.
You learn spells naturally, not from books.
Your magical power is your life essence.
You have superior vitality. (+4 HP)


Message History

Press: ? - help, Q - select action, (/) - cycle Dir - look around, f - activate You conjure some foxfire!
The gnoll closely misses you.
The foxfire hits the gnoll but does no damage.
The gnoll is almost dead.
The foxfire hits the gnoll.
You kill the gnoll!
Unknown command.
A gnoll comes into view. It is wielding a +0 spear.
Casting: Foxfire (safe; 1% risk of failure)
Press: ? - help, Q - select action, (/) - cycle Dir - look around, f - activate You conjure some foxfire!
The gnoll barely misses you.
The foxfire hits the gnoll.
The gnoll is lightly wounded.
The foxfire hits the gnoll.
The gnoll is severely wounded.
The gnoll hits you from afar with a +0 spear!
* * * LOW HITPOINT WARNING * * *
Unknown command.
A gnoll comes into view. It is wielding a +0 halberd.
The gnoll hits you from afar with a +0 spear.
* * * LOW HITPOINT WARNING * * *
There is a shaft here.
You are sucked into a shaft and drop 3 floors!
The shaft crumbles and collapses.
The orc shouts!
The orc wizard shouts!
You hear a shout!
Found a scroll labelled HEIGUGG IKEALOF, 16 gold pieces and a white potion.
It was a potion of attraction.
You feel attractive to monsters. The orc barely misses you.
The orc wizard is attracted toward you. The orc is attracted toward you.
Unknown command.
As you read the scroll labelled HEIGUGG IKEALOF, it crumbles to dust.
You feel strangely unstable.
It was a scroll of teleportation.
The orc hits you with a +0 dagger.
* * * LOW HITPOINT WARNING * * *
The orc wizard points at you and mumbles some strange words.
The magic dart hits you!
You die...

.. .. ##.## #
.... .#
#..#####.###
.......$..
#.###..#....#
#....@.#....#
######.#....#
#oo....#
...........?#
######..###.#
#... # #.#.#
#.#.§ ..##!#


You could see an orc wizard and an orc.

Vanquished Creatures
  2 gnolls (D:3)
  2 adders (D:2)
  A worm (D:2)
  A dart slug (D:1)
  A ball python (D:2)
  4 endoplasms
  2 giant cockroaches
  A goblin (D:1)
  5 hobgoblins
  4 jackals (D:2)
  5 quokkas
  3 bats
  A frilled lizard (D:1)
  3 kobolds
  A rat (D:1)
36 creatures vanquished.

Vanquished Creatures (others)
  164 foxfires
164 creatures vanquished.

Grand Total: 200 creatures vanquished

Notes
Turn   | Place    | Note
-------+----------+-------------------------------------------
     0 | D:1      | robertstho the Djinni Fire Elementalist began the quest for
                  | the Orb.
     0 | D:1      | Reached XP level 1. HP: 15/15 MP: 0/0
   544 | D:1      | Reached XP level 2. HP: 20/22 MP: 0/0
   880 | D:1      | Found a faded altar of an unknown god.
   889 | D:1      | You are sucked into a shaft and drop 1 floor!
  1101 | D:2      | Reached skill level 3 in Spellcasting
  1323 | D:2      | Reached XP level 3. HP: 23/26 MP: 0/0
  1323 | D:2      | Learned a level 1 spell: Sandblast
  2149 | D:2      | Reached skill level 1 in Fighting
  2149 | D:2      | Reached XP level 4. HP: 29/32 MP: 0/0
  2664 | D:3      | Found a runed translucent gate.
  2665 | D:3      | Found a runed translucent gate.
  2665 | D:3      | Noticed a kobold brigand
  2666 | D:3      | Found a runed translucent gate.
  2666 | D:3      | Noticed SkeletonJelly's ghost (amateur DrCK)
  2776 | D:3      | You are sucked into a shaft and drop 3 floors!
  2780 | D:6      | Killed from afar by an orc wizard

Illustrated notes

Levels and vault maps discovered:
D:1:      kilobyte_arrival_exit_the_forest, layout_rooms, serial_curves,
          eino_curves_03, eino_curves_04, eino_curves_02, eino_curves_03,
          shapermc_ecumenical_altar_pompeii, minmay_misc_feat_encased
D:2:      layout_loops_ring, kennysheep_nub
D:3:      layout_loops_ring, tgw_xom, gammafunk_ghost_nasty_kobolds,
          minmay_misc_feat_columns
D:6:      layout_basic, skrybe_limestone_x, uniq_grinder

Skill      XL: |  1  2  3 |
---------------+----------+-----
Spellcasting   | 3 |  3.6
Fighting       | 1 |  1.1
Dodging        | |  2.4
Stealth        | |  1.8

Action                   |  1- 3 |  4- 6 || total
-------------------------+-------+-------++-------
 Cast: Foxfire           |    75 |    25 ||   100
  Use: Scroll            |       |     1 ||     1
       Potion            |       |     1 ||     1
Armor: Robe              |     2 |     1 ||     3
Dodge: Dodged            |    10 |     8 ||    18

Table legend: (Time is in decaauts)
 A = Elapsed time spent in this place.
 B = Non-inter-level travel time spent in this place.
 C = Inter-level travel time spent in this place.
 D = Time resting spent in this place.
 E = Time spent auto-exploring this place.
 F = Levels seen in this place.
 G = Mean time per level.
                   A        B        C        D        E       F      G
               +--------+--------+--------+--------+--------+-----+--------+
         Total |   2779 |   2645 |    134 |      0 |   2375 |   4 |  694.8 |
       Dungeon |   2779 |   2645 |    134 |      0 |   2375 |   4 |  694.8 |
               +--------+--------+--------+--------+--------+-----+--------+

Top non-repeatable levels by time:
     D:1: 1448 daAuts
     D:2: 1178 daAuts
     D:3: 148 daAuts
     D:6: 3 daAuts
